 Dungeon Crawl Stone Soup version 0.31.0-4-g52a2dc7128 (webtiles) character file.

Game seed: 3063612390562160647

333 gohu the Cleaver (level 6, 0/55 HPs)
             Began as a Hill Orc Fighter on Jan 21, 2024.
             Was an Initiate of Qazlal.
             Slain by Duvessa
             ... wielding a +0 short sword
              (8 damage)
             ... on level 4 of the Dungeon.
             The game lasted 00:06:39 (2258 turns).

gohu the Cleaver (Hill Orc Fighter)                 Turns: 2258, Time: 00:06:39

Health: 0/55       AC: 11    Str: 21    XL:     6   Next: 52%
Magic:  6/6        EV:  7    Int:  8    God:    Qazlal [......]
Gold:   152        SH:  4    Dex: 10    Spells: 5/5 levels left

rFire   . . .        a - +0 war axe
rCold   . . .        c - +0 buckler
rNeg    . . .        i - +0 chain mail
rPois   .            (no helmet)
rElec   .            (no cloak)
rCorr   .            (no gloves)
SInv    .            s - +1 pair of boots
Will    .....        (no amulet) Stlth
                     n - +4 ring of slaying
HPRegen 0.29/turn    (no ring)
MPRegen 0.10/turn

%: no passive effects
@: mighty
A: no striking features
a: Renounce Religion


You were on level 4 of the Dungeon.
You worshipped Qazlal.
Qazlal was noncommittal.
You visited 2 branches of the dungeon, and saw 6 of its levels.

You collected 152 gold pieces.

Inventory:

Hand Weapons
 a - a +0 war axe (weapon)
Armour
 b - a +0 scale mail
 c - a +0 buckler (worn)
 i - a +0 chain mail (worn)
 s - a +1 pair of boots (worn)
Jewellery
 n - a +4 ring of slaying (left hand)
Scrolls
 e - a scroll of vulnerability {unknown}
 g - a scroll of amnesia {unknown}
 h - a scroll of blinking {unknown}
 j - 5 scrolls of identify {unknown}
 o - a scroll of teleportation {unknown}
 r - a scroll of enchant armour {unknown}
 t - 3 scrolls of noise {unknown}
 u - 3 scrolls of fog {unknown}
Potions
 d - a potion of might
 k - a potion of magic {unknown}
 l - a potion of mutation {unknown}
 m - a potion of heal wounds {unknown}
 p - a potion of ambrosia {unknown}
 q - a potion of berserk rage {unknown}
 v - a potion of lignification {unknown}


   Skills:
 + Level 4.8 Fighting
 * Level 8.1 Axes
 + Level 0.4 Throwing
 - Level 3.2 Armour
 - Level 3.2 Shields


You had 5 spell levels left.
You didn't know any spells.
Your spell library contained the following spells:

 Spells                   Type           Power      Damage    Failure   Level
 Sting                    Conj/Alch      0%         1d3       98%         1
 Lesser Beckoning         Tloc           0%         N/A       99%         2
 Mercury Vapours          Alch/Air       0%         N/A       99%         2
 Gell's Gravitas          Tloc           0%         N/A       100%        3
 Teleport Other           Tloc           0%         N/A       100%        3
 Olgreb's Toxic Radiance  Alch           0%         N/A       100%        4


Dungeon Overview and Level Annotations

Branches:
Dungeon (5/15)             Temple (1/1) D:4

Altars:
Ashenzari
Cheibriados
Dithmenos
Elyvilon
Fedhas
Hepliaklqana
Makhleb
Qazlal
Ru
Sif Muna
Vehumet
Zin

Annotations:
D:4 Duvessa


Message History

Ijyb barely misses you.
A dart slug comes into view.
Duvessa hits you with a +0 short sword!
* * * LOW HITPOINT WARNING * * *
It was a potion of curing.
You feel better. Duvessa barely misses you. Ijyb closely misses you.
You slash Ijyb!
You kill Ijyb!
Qazlal accepts your kill.
You closely miss Duvessa. Duvessa hits you with a +0 short sword.
* * * LOW HITPOINT WARNING * * *
Duvessa hits you but does no damage.
Your Axes skill increases to level 8!
You barely miss Duvessa.
Duvessa is moderately wounded.
You slash the giant cockroach!
You kill the giant cockroach!
Qazlal accepts your kill. Duvessa hits you with a +0 short sword.
* * * LOW HITPOINT WARNING * * *
Duvessa hits you with a +0 short sword.
* * * LOW HITPOINT WARNING * * *
You feel better. Duvessa hits you but does no damage.
You slash Duvessa!
Duvessa is moderately wounded.
You slash the dart slug! Duvessa hits you but does no damage.
The dart slug bites you but does no damage.
Duvessa hits you with a +0 short sword.
* * * LOW HITPOINT WARNING * * *
Okay, then.
You slash Duvessa!
Duvessa is heavily wounded.
You slash the dart slug!
You kill the dart slug!
Qazlal accepts your kill. Duvessa barely misses you.
You slash Duvessa!
Duvessa is severely wounded.
Duvessa hits you with a +0 short sword!
You die...

... .. #### ..#....
.##... ...#...
...?#.#### .......
.....#.# #......
...#.# #....#
###e).#########....##
#..)@...............#
###....###..###.....#
#.........# #.....#
###.....#..##.....#
#..#.###.##.....#
...##..# .######.#
....##...# .# #..
.#.##....## .# ### #.
##.>..# .#


You could see Duvessa (berserk).

Vanquished Creatures
  An ogre (D:4)
  Dowan (D:4)
  A jelly (D:4)
  A sleepcap (D:4)
  Ijyb (D:4)
  4 adders
  A ribbon worm (D:4)
  A dart slug (D:4)
  4 orcs (D:3)
  4 bats (D:1)
  11 endoplasms
  3 giant cockroaches
  7 goblins
  6 hobgoblins
  7 quokkas
  7 ball pythons
  2 frilled lizards
  5 kobolds
  7 rats
74 creatures vanquished.

Notes
Turn   | Place    | Note
-------+----------+-------------------------------------------
     0 | D:1      | gohu the Hill Orc Fighter began the quest for the Orb.
     0 | D:1      | Reached XP level 1. HP: 19/19 MP: 1/1
   137 | D:1      | Reached skill level 3 in Axes
   192 | D:1      | Reached XP level 2. HP: 27/27 MP: 2/2
   483 | D:1      | Reached XP level 3. HP: 31/33 MP: 3/3
   502 | D:2      | Reached skill level 4 in Axes
   895 | D:2      | Reached skill level 5 in Axes
   895 | D:2      | Reached XP level 4. HP: 40/40 MP: 4/4
  1331 | D:3      | Found a broken altar of Ashenzari.
  1834 | D:3      | Found a sacrificial altar of Ru.
  2018 | D:4      | Reached skill level 6 in Axes
  2018 | D:4      | Reached XP level 5. HP: 47/47 MP: 5/5
  2127 | D:5      | Entered Level 5 of the Dungeon
  2127 | D:5      | Noticed a phantom
  2194 | D:4      | Found a staircase to the Ecumenical Temple.
  2200 | D:4      | Noticed an ogre
  2201 | Temple   | Entered the Ecumenical Temple
  2218 | Temple   | Became a worshipper of Qazlal Stormbringer
  2239 | D:4      | Killed an ogre
  2240 | D:4      | Reached skill level 7 in Axes
  2240 | D:4      | Reached XP level 6. HP: 28/53 MP: 6/6
  2244 | D:4      | Noticed Dowan
  2246 | D:4      | Noticed Ijyb
  2247 | D:4      | Noticed Duvessa
  2249 | D:4      | Killed Dowan
  2253 | D:4      | Killed Ijyb
  2254 | D:4      | Reached skill level 8 in Axes
  2258 | D:4      | Slain by Duvessa

Illustrated notes

Levels and vault maps discovered:
D:1:      dpeg_arrival_concentric_ovals, layout_loops_ring,
          minmay_misc_feat_square
D:2:      layout_rooms
D:3:      layout_loops_ring, ashenzari_altar_1, nicolae_overflow_hidden_temple,
          minmay_quadrilaterals
D:4:      minmay_chambers_of_twos, layout_basic,
          pdpol_wu_jian_five_deadly_venoms, minmay_temple_entry_wispy,
          hangedman_decor_diamond_cutter, st_stairs_14, uniq_duvessa, uniq_ijyb
D:5:      layout_cave_pools, mainiacjoe_sewer_entry_somewhere_in_here_1,
          hellmonk_ghost_happy_afterlife, lightli_minifort, uniq_grinder
Temple:   zaba_magenta_temple

Skill      XL: |  1  2  3  4  5  6 |
---------------+-------------------+-----
Axes           | 3 5 6 7 8 |  8.1
Fighting       | 4 |  4.8
Throwing       | |  0.4
Armour         | |  3.2
Shields        | |  3.2

Action                     |  1- 3 |  4- 6 || total
---------------------------+-------+-------++-------
  Melee: War axe           |    83 |    76 ||   159
  Throw: Boomerang         |     3 |     6 ||     9
    Use: Potion            |       |     3 ||     3
 Armour: Scale mail        |    53 |    43 ||    96
         Chain mail        |       |    15 ||    15
  Dodge: Dodged            |    36 |    21 ||    57
  Block: Buckler           |    34 |    16 ||    50
